 Dungeon Crawl Stone Soup version 0.31-a0-596-g831eee08f1 (webtiles) character file.

Game seed: 15754207110301686109

3 Ofeo the Digger (level 1, 0/13 HPs)
             Began as a Gnoll Wanderer on Aug 20, 2023.
             Slain by a jackal (2 damage)
             ... on level 1 of the Dungeon.
             The game lasted 00:00:40 (111 turns).

Ofeo the Digger (Gnoll Wanderer)                     Turns: 111, Time: 00:00:41

Health: 0/13       AC:  2    Str: 12    XL:     1   Next: 50%
Magic:  1/4        EV: 12    Int: 12    God:
Gold:   23         SH:  0    Dex:  9    Spells: 4/5 levels left

rFire   . . .        a - +0 club
rCold   . . .        (no shield)
rNeg    . . .        c - +0 robe
rPois   .            (no helmet)
rElec   .            (no cloak)
rCorr   .            (no gloves)
SInv    .            (no boots)
Will    .....        (no amulet)
Stlth   +            (no ring)
HPRegen 0.22/turn    (no ring)
MPRegen 0.09/turn

%: no passive effects
@: no status effects
A: fangs 1, strong nose, distributed training
a: no special abilities


You were on level 1 of the Dungeon.
You visited 1 branch of the dungeon, and saw 1 of its levels.

You collected 23 gold pieces.

Inventory:

Hand Weapons
 a - a +0 club (weapon)
Armour
 c - a +0 robe (worn)
Potions
 b - a potion of brilliance


   Skills:
 + Level 0.0 Fighting
 + Level 0.0 Short Blades
 + Level 0.0 Long Blades
 + Level 0.0 Axes
 + Level 0.0 Maces & Flails
 + Level 0.0 Polearms
 + Level 0.0 Staves
 + Level 0.0 Ranged Weapons
 + Level 0.0 Throwing
 + Level 0.0 Armour
 + Level 4.4 Dodging
 + Level 0.0 Stealth
 + Level 0.0 Shields
 + Level 0.0 Unarmed Combat
 + Level 2.6 Spellcasting
 + Level 0.0 Conjurations
 + Level 0.0 Hexes
 + Level 0.0 Summonings
 + Level 0.0 Necromancy
 + Level 0.0 Translocations
 + Level 0.0 Transmutations
 + Level 0.0 Fire Magic
 + Level 0.0 Ice Magic
 + Level 0.0 Air Magic
 + Level 7.0 Earth Magic
 + Level 3.6 Poison Magic
 + Level 0.1 Invocations
 + Level 2.3 Evocations
 + Level 0.0 Shapeshifting


You had 4 spell levels left.
You knew the following spells:

 Your Spells              Type           Power      Damage    Failure   Level
a - Sandblast             Erth           36%        2d10      1%          1

Your spell library contained the following spells:

 Spells                   Type           Power      Damage    Failure   Level
 Sting                    Tmut/Pois      24%        1d4       12%         1
 Mephitic Cloud           Conj/Pois/Air  4%         N/A       43%         3
 Animate Armour           Summ/Erth      20%        N/A       52%         4
 Petrify                  Tmut/Erth      10%        N/A       52%         4


Dungeon Overview and Level Annotations

Branches:
Dungeon (1/15)

Altars:


Innate Abilities, Weirdness & Mutations

You have very sharp teeth.
Your uncanny sense of smell can sniff out nearby items.
Your experience applies equally to all skills.


Message History

You now have 1/4 mp.
The blast of sand hits the jackal!
You kill the jackal!
The jackal closely misses you.
You now have 0/4 mp.
You completely miss the jackal. The jackal bites you.
The jackal barely misses you. The jackal bites you.
The jackal closely misses you.
You take 2 damage, and have 9/13 hp.
You are out of magic!
You closely miss the jackal. The jackal misses you. The jackal bites you.
The jackal closely misses you. The jackal barely misses you.
You take 2 damage, and have 7/13 hp.
You are too injured to fight recklessly!
You are too injured to fight recklessly!
You are too injured to fight recklessly!
You barely miss the jackal.
A bat comes into view.
The jackal bites you. The jackal closely misses you. The jackal bites you.
You take 3 damage, and have 4/13 hp.
MASSIVE DAMAGE!!
You closely miss the jackal.
The jackal bites you but does no damage.
The jackal misses you. x2
You hit the jackal.
The jackal is severely wounded.
The bat closely misses you. The jackal barely misses you.
The jackal closely misses you. x2; The jackal barely misses you.
You barely miss the jackal.
The jackal is severely wounded.
The bat closely misses you. The jackal closely misses you.
The jackal barely misses you. The jackal closely misses you.
The jackal bites you.
You hit the jackal but do no damage. Your bite misses the jackal.
The jackal is severely wounded.
The bat hits you.
* * * LOW HITPOINT WARNING * * *
The jackal closely misses you. x2; The jackal bites you.
* * * LOW HITPOINT WARNING * * *
The jackal bites you.
You die...

#.............#
#.#
#.............#
#(#
#.....[<......#
#.#
#.............#
#.#
#.............#
#.#
###############
#.#####
#....b#######.#...
#..(.......#.#
#.h@.........#
##h########### #.
#. .. ##


You could see 2 jackals and a bat.

Vanquished Creatures
  A bat (D:1)
  A jackal (D:1)
  A frilled lizard (D:1)
3 creatures vanquished.

Notes
Turn   | Place    | Note
-------+----------+-------------------------------------------
     0 | D:1      | Ofeo the Gnoll Wanderer began the quest for the Orb.
     0 | D:1      | Ofeo set off with the following items: a +0 club, a potion
                  | of brilliance, a +0 robe, a wand of polymorph (5); and the
                  | following spells available to memorise: Sandblast, Sting,
                  | Mephitic Cloud, Animate Armour, Petrify.
     0 | D:1      | Reached XP level 1. HP: 13/13 MP: 4/4
    38 | D:1      | Learned a level 1 spell: Sandblast
   111 | D:1      | Slain by a jackal

Illustrated notes

Levels and vault maps discovered:
D:1:      lemuel_arrival_hallway, layout_loops_ring, kennysheep_doodads,
          minmay_pentomino_q2

Action                     || total
---------------------------++-------
  Melee: Club              ||    21
   Cast: Sandblast         ||     4
  Evoke: Wand              ||     5
 Armour: Robe              ||     8
  Dodge: Dodged            ||    43

Table legend: (Time is in decaauts)
 A = Elapsed time spent in this place.
 B = Non-inter-level travel time spent in this place.
 C = Inter-level travel time spent in this place.
 D = Time resting spent in this place.
 E = Time spent auto-exploring this place.
 F = Levels seen in this place.
 G = Mean time per level.
                   A        B        C        D        E       F      G
               +--------+--------+--------+--------+--------+-----+--------+
         Total |    119 |    119 |      0 |      0 |     66 |   1 |  119.0 |
       Dungeon |    119 |    119 |      0 |      0 |     66 |   1 |  119.0 |
               +--------+--------+--------+--------+--------+-----+--------+

Top non-repeatable levels by time:
     D:1: 119 daAuts
